 Dungeon Crawl Stone Soup version 0.31-a0-858-g469dc525a8 (webtiles) character file.

Game seed: 4727173542336244915

4808 BinkBink the Blocker (level 10, -16/98 HPs)
             Began as a Troll Fighter on Oct 9, 2023.
             Was a Follower of Qazlal.
             Demolished by a vampire
             ... wielding a +2 vampiric halberd
              (19 damage)
             ... in a bailey.
             The game lasted 00:15:04 (6800 turns).

BinkBink the Blocker (Troll Fighter)                Turns: 6800, Time: 00:15:04

Health: -16/98     AC:  5    Str: 30    XL:     10   Next: 24%
Magic:  0/9        EV: 10    Int:  4    God:    Qazlal [*.....]
Gold:   359        SH: 13    Dex: 15    Spells: 9/9 levels left

rFire   + . .        q - +7 spear "Uhateim" {freeze, rElec rC- Dex+6}
rCold   x . .        c - +0 kite shield
rNeg    . . .        b - +0 robe
rPois   .            (helmet restricted)
rElec   +            g - +0 cloak
rCorr   .            (gloves unavailable)
SInv    .            (boots unavailable)
Will    .....        m - amulet of guardian spirit
Stlth   +            t - ring of protection from fire
HPRegen 1.16/turn    (no ring)
MPRegen 0.11/turn

%: guardian spirit
@: hasted, very quick
A: large, unfitting armour, claws 3, regeneration 1, shaggy fur 1, tough skin 1
a: Renounce Religion


You were in a bailey.
You worshipped Qazlal.
Qazlal was aware of your devotion.
You visited 2 branches of the dungeon, and saw 9 of its levels.
You also visited: Bailey.

You collected 359 gold pieces.

Inventory:

Hand Weapons
 a - a +0 flail
 q - the +7 spear "Uhateim" (weapon) {freeze, rElec rC- Dex+6}
   (You found it on level 3 of the Dungeon)

   Dex+6:     It affects your dexterity (+6).
   rC-:       It makes you vulnerable to cold.
   rElec:     It insulates you from electricity.
Armour
 b - a +0 robe (worn)
 c - a +0 kite shield (worn)
 g - a +0 cloak (worn)
Jewellery
 j - a ring of ice
 m - an amulet of guardian spirit (around neck)
 t - a ring of protection from fire (left claw)
Talismans
 u - a storm talisman
Wands
 r - a wand of polymorph (6)
Scrolls
 e - a scroll of amnesia
 h - a scroll of immolation
 i - a scroll of noise
 n - a scroll of silence
 s - a scroll of revelation
 v - a scroll of poison
Potions
 d - 4 potions of might
 f - a potion of invisibility {unknown}
 k - a potion of degeneration {unknown}
 o - 2 potions of brilliance {unknown}
 p - a potion of lignification {unknown}


   Skills:
 + Level 6.1 Fighting
 - Level 2.9 Maces & Flails
 * Level 7.7 Polearms
 - Level 2.6 Dodging
 * Level 9.2 Shields


You had 9 spell levels left.
You didn't know any spells.
Your spell library contained the following spells:

 Spells                   Type           Power      Damage    Failure   Level
 Magic Dart               Conj           0%         1d3       67%         1
 Sandblast                Erth           0%         2d4       67%         1
 Blink                    Tloc           0%         N/A       80%         2
 Call Imp                 Summ           0%         N/A       80%         2
 Lesser Beckoning         Tloc           0%         N/A       80%         2
 Momentum Strike          Conj/Tloc      0%         3d8       80%         2
 Passwall                 Tmut/Erth      0%         N/A       80%         2
 Dazzling Flash           Conj/Hex       0%         N/A       95%         3
 Mephitic Cloud           Conj/Pois/Air  0%         N/A       95%         3
 Stone Arrow              Conj/Erth      0%         3d7       95%         3
 Tukima's Dance           Hex            0%         N/A       95%         3
 Brom's Barrelling Bould  Conj/Erth      0%         2d3       100%        4
 Manifold Assault         Tloc           0%         N/A       100%        4
 Passage of Golubria      Tloc           0%         N/A       100%        4
 Agony                    Necr           0%         N/A       100%        5
 Silence                  Hex/Air        0%         N/A       100%        5
 Yara's Violent Unravell  Hex/Tmut       0%         3d3       100%        5


Dungeon Overview and Level Annotations

Branches:
Dungeon (8/15)             Temple (1/1) D:7          Bailey (1/1)
   Lair: D:8-11

Altars:
Ashenzari
Cheibriados
Dithmenos
Fedhas
Makhleb
Nemelex Xobeh
Okawaru
Qazlal
Ru
Trog
Wu Jian
Xom
Yredelemnul
Zin
The Shining One

Shops:
D:4 *   D:6 ?(!

Annotations:
D:7 Joseph


Innate Abilities, Weirdness & Mutations

You are too large for most types of armour.
You have claws for hands.
Your natural rate of healing is unusually fast.
You are covered in fur. (AC +1)
You have tough skin. (AC +1)


Message History

The vampire hits you from afar with a +2 vampiric halberd!
* * * LOW HITPOINT WARNING * * *
You feel less confused.
The vampire hits you with a +2 vampiric halberd!
* * * LOW HITPOINT WARNING * * *
You block the vampire's attack. You block the vampire's attack.
The vampire is engulfed in a thunderstorm.
There is an open door, spattered with blood here.
The vampire attacks as it pursues you! The vampire barely misses you.
There is an open door here.
The vampire casts a spell.
The vampire flickers and vanishes!
Deactivating autopickup; reactivate with Ctrl-A.
There is an open door here.
You are confused.
You are more confused.
You're too confused to move!
You're too confused to move!
You're too confused to move!
Something hits you!
* * * LOW HITPOINT WARNING * * *
You feel less confused. Something hits you!
* * * LOW HITPOINT WARNING * * *
There is an open door here.
You see here a +0 spear.
There is an open door here.
You are confused.
Something hits you. Something hits you.
* * * LOW HITPOINT WARNING * * *
You feel less confused. Something hits you!!
* * * LOW HITPOINT WARNING * * *
Something bites you!
* * * LOW HITPOINT WARNING * * *
Something draws strength from your injuries!
Okay, then.
You feel yourself speed up. Something hits you!!
You die...

♣♣≈≈≈♣♣ ♣♣♣♣...♣♣
♣≈≈≈..♣♣♣.....8.♣
♣♣≈≈.............########
♣≈≈...8...8......'......#
♣≈≈....8.........#......#####
♣≈≈........#######......#.).[
♣≈≈.....####..'..'......'....
♣≈≈.#####.....#.)###''#######
♣≈≈.'..'....@☼#.)..#.....8#88
♣≈≈.#..#......#....#......#..
♣≈≈.#..#......######......#..
##≈≈.#..#.♣...........##...#..
##.≈≈.#))#............##....#..
###..≈≈.#..#..♣♣.......)#....##..
..#..≈≈.#..'...........##.))##...
.....≈≈.####...♣........##......8
∩...#########)...........##....##


There were no monsters in sight!

Vanquished Creatures
  Pikel (D:7)
  A gargoyle (Bailey)
  Prince Ribbit (D:7)
  3 wargs (D:8)
  Duvessa (D:6)
  A black bear (D:6)
  A sky beast (D:6)
  3 ogres
  A centaur (D:7)
  A phantom (D:7)
  2 lemures
  2 bullfrogs (D:6)
  Blork the orc (D:4)
  2 scorpions
  5 wights (D:6)
  Dowan (D:6)
  8 killer bees
  5 wolf zombies (Bailey)
  10 vampire bats (Bailey)
  2 howler monkeys
  2 hounds
  9 orc priests
  A gnoll bouda (D:6)
  A sleepcap (D:7)
  4 iguanas
  9 orc wizards
  Robin (D:4)
  10 gnolls
  10 adders
  A shadow imp (D:5)
  A white imp (D:8)
  An ufetubus (D:4)
  3 dart slugs
  24 orcs
  13 endoplasms
  7 giant cockroaches
  14 goblins
  6 hobgoblins
  3 jackals (D:2)
  2 quokkas (D:1)
  8 ball pythons
  9 bats
  6 frilled lizards
  6 kobolds
  18 orc zombies (Bailey)
  7 rats
228 creatures vanquished.

Notes
Turn   | Place    | Note
-------+----------+-------------------------------------------
     0 | D:1      | BinkBink the Troll Fighter began the quest for the Orb.
     0 | D:1      | Reached XP level 1. HP: 22/22 MP: 0/0
    83 | D:1      | Reached XP level 2. HP: 25/29 MP: 1/1
   334 | D:1      | Reached skill level 3 in Shields
   334 | D:1      | Reached XP level 3. HP: 36/36 MP: 2/2
   997 | D:2      | Reached XP level 4. HP: 38/44 MP: 3/3
  1290 | D:3      | Identified the +7 spear "Uhateim" {freeze, rElec rC- Dex+6}
  1816 | D:4      | Noticed Blork the orc
  1821 | D:4      | Killed Blork the orc
  1822 | D:4      | Reached skill level 1 in Polearms
  1822 | D:4      | Reached XP level 5. HP: 22/53 MP: 2/4
  2011 | D:4      | Reached skill level 4 in Shields
  2117 | D:4      | Found a shimmering altar of Xom.
  2129 | D:4      | Identified the +4 dagger "Demonbane" {speed, Int+5}
  2141 | D:4      | Noticed Robin
  2158 | D:4      | Killed Robin
  2159 | D:4      | Reached XP level 6. HP: 59/61 MP: 5/5
  2478 | D:4      | Found Zin's Purification Station.
  2482 | D:4      | Found a glowing silver altar of Zin.
  2569 | D:5      | Entered Level 5 of the Dungeon
  3248 | D:5      | Found a blossoming altar of Fedhas.
  3321 | D:5      | Reached skill level 5 in Shields
  3321 | D:5      | Reached XP level 7. HP: 58/67 MP: 3/6
  3888 | D:6      | Found Toal's Magic Scroll Emporium.
  3888 | D:6      | Found Haimam's Antique Weapon Emporium.
  3888 | D:6      | Found Ycif's Distillery.
  4044 | D:6      | Noticed Duvessa
  4057 | D:6      | HP: 3/62 [killer bee (4)]
  4078 | D:6      | HP: 3/70 [bullfrog (6)]
  4082 | D:6      | Reached skill level 6 in Shields
  4082 | D:6      | Reached XP level 8. HP: 11/78 MP: 2/7
  4273 | D:6      | Noticed Dowan
  4288 | D:6      | Killed Duvessa
  4295 | D:6      | Killed Dowan
  4368 | D:6      | Reached skill level 5 in Polearms
  4443 | D:6      | Reached skill level 7 in Shields
  4606 | D:6      | Reached XP level 9. HP: 87/87 MP: 8/8
  4611 | D:6      | Reached skill level 5 in Fighting
  5044 | D:7      | Noticed Prince Ribbit
  5074 | D:7      | Killed Prince Ribbit
  5412 | D:7      | Noticed Pikel
  5431 | D:7      | Killed Pikel
  5432 | D:7      | Reached skill level 8 in Shields
  5503 | D:7      | Noticed Joseph
  5524 | D:7      | Found a staircase to the Ecumenical Temple.
  5527 | D:7      | HP: 4/88 [centaur/arrow (7)]
  5543 | Temple   | Entered the Ecumenical Temple
  5595 | Temple   | Became a worshipper of Qazlal Stormbringer
  5969 | D:8      | Found a flagged portal.
  6020 | Bailey   | Entered a bailey
  6089 | Bailey   | Reached XP level 10. HP: 98/98 MP: 7/9
  6137 | Bailey   | Noticed a gargoyle
  6179 | Bailey   | HP: 3/98 [gargoyle/stone arrow (8)]
  6180 | Bailey   | Killed a gargoyle
  6290 | Bailey   | Reached * piety under Qazlal
  6335 | Bailey   | Reached skill level 9 in Shields
  6479 | Bailey   | Identified the +0 scale mail of the Garden {Str+2}
  6799 | Bailey   | HP: 2/98 [something (6)]
  6800 | Bailey   | Demolished by a vampire

Illustrated notes

Levels and vault maps discovered:
D:1:      tarquinn_simple_flora_water_e, layout_rooms,
          nicolae_figureground_sparkle
D:2:      layout_basic
D:3:      layout_rooms, chequers_avenue
D:4:      layout_gridville, zin_purify, general_overflow_altar, uniq_robin,
          uniq_blork_the_orc
D:5:      layout_basic, fedhas_altar_1
D:6:      layout_rooms, minmay_misc_feat_tiny, minmay_stone_trees_medium,
          nicolae_shop_distant_corner_stores, grunt_ministairs_9, uniq_duvessa
D:7:      layout_rooms, minmay_temple_entry_wispy, uniq_prince_ribbit1,
          uniq_joseph, uniq_pikel
D:8:      layout_loops_cross, nicolae_vehumet_radiance,
          erik_lair_orcish_takeover, enter_bailey_6, kennysheep_crisscross,
          david_defended_altar_orc
Temple:   hellmonk_temple_two_chambers
Bailey:   bailey_polearm_vampire_castle_hellmonk, bailey

Skill      XL: |  1  2  3  4  5  6  7  8  9 10 |
---------------+-------------------------------+-----
Maces & Flails | 2 |  2.9
Shields        | 3 4 5 6 7 8 9 |  9.2
Fighting       | 3 4 5 6 |  6.1
Polearms       | 1 3 4 5 7 |  7.7
Dodging        | |  2.6

Action                     |  1- 3 |  4- 6 |  7- 9 | 10-12 || total
---------------------------+-------+-------+-------+-------++-------
  Melee: Flail             |   161 |    29 |       |       ||   190
         Spear             |       |   120 |   358 |   137 ||   615
    Use: Scroll            |       |       |    14 |       ||    14
         Potion            |       |       |     7 |     1 ||     8
   Stab: Sleeping          |     1 |     1 |     1 |       ||     3
         Distracted        |       |       |     1 |       ||     1
 Armour: Robe              |   133 |   109 |   190 |    72 ||   504
  Dodge: Dodged            |    82 |    71 |    78 |    32 ||   263
  Block: Kite shield       |    73 |    70 |   161 |    81 ||   385

Table legend: (Time is in decaauts)
 A = Elapsed time spent in this place.
 B = Non-inter-level travel time spent in this place.
 C = Inter-level travel time spent in this place.
 D = Time resting spent in this place.
 E = Time spent auto-exploring this place.
 F = Levels seen in this place.
 G = Mean time per level.
                   A        B        C        D        E       F      G
               +--------+--------+--------+--------+--------+-----+--------+
         Total |   6814 |   6609 |    205 |   1010 |   3661 |  10 |  681.4 |
       Dungeon |   6009 |   5811 |    198 |    910 |   3518 |   8 |  751.1 |
        Temple |     56 |     49 |      7 |      0 |     48 |   1 |   56.0 |
        Bailey |    748 |    748 |      0 |    100 |     95 |   1 |  748.0 |
               +--------+--------+--------+--------+--------+-----+--------+

Top non-repeatable levels by time:
     D:5: 1373 daAuts
     D:6: 1102 daAuts
     D:4: 869 daAuts
     D:2: 761 daAuts
  Bailey: 748 daAuts
     D:7: 729 daAuts
     D:1: 614 daAuts
     D:3: 413 daAuts
     D:8: 145 daAuts
  Temple: 56 daAuts
